 Dungeon Crawl Stone Soup version 0.30.0-29-ga12c61a403 (webtiles) character file.

Game seed: 5141647932657965682

35 McKennaii the Trooper (level 3, -3/29 HPs)
             Began as a Demonspawn Fighter on June 3, 2023.
             Slain by Sigmund
             ... wielding a +0 scythe
              (10 damage)
             ... on level 2 of the Dungeon.
             The game lasted 00:00:37 (935 turns).

McKennaii the Trooper (Demonspawn Fighter)           Turns: 935, Time: 00:00:38

Health: -3/29      AC:  6    Str: 18    XL:     3   Next: 17%
Magic:  3/3        EV:  9    Int:  9    God:
Gold:   73         SH:  8    Dex: 12    Spells: 2/2 levels left

rFire   . . .        a - +0 trident
rCold   . . .        c - +0 buckler
rNeg    . . .        b - +0 scale mail
rPois   .            (helmet restricted)
rElec   .            (no cloak)
rCorr   .            (no gloves)
SInv    .            (no boots)
Will    .....        (no amulet) Stlth
                     (no ring)
HPRegen 0.24/turn    (no ring)
MPRegen 0.08/turn

%: no passive effects
@: no status effects
A: horns 1, condensation shield
a: no special abilities


You were on level 2 of the Dungeon.
You visited 1 branch of the dungeon, and saw 2 of its levels.

You collected 73 gold pieces.

Inventory:

Hand Weapons
 a - a +0 trident (weapon)
Armour
 b - a +0 scale mail (worn)
 c - a +0 buckler (worn)
Scrolls
 e - 2 scrolls of teleportation {unknown}
 l - 2 scrolls of identify {unknown}
Potions
 d - 3 potions of might
 f - a potion of invisibility {unknown}
 g - a potion of curing {unknown}
 h - a potion of attraction {unknown}
 i - 2 potions of cancellation {unknown}
 j - 4 potions of heal wounds {unknown}
 k - a potion of brilliance {unknown}
 m - a potion of haste {unknown}


   Skills:
 + Level 3.3 Fighting
 + Level 2.2 Polearms
 + Level 3.0 Armour
 + Level 3.0 Shields


You had 2 spell levels left.
You didn't know any spells.
Your spell library was empty.

Dungeon Overview and Level Annotations

Branches:
Dungeon (2/15)

Altars:

Annotations:
D:2 Sigmund


Innate Abilities, Weirdness & Mutations

You have a pair of small horns on your head.
A meltable shield of frost defends you. (SH +4)


Message History

Deactivating autopickup; reactivate with Ctrl-A.
A bat comes into view.
A bat is nearby!
The bat hits you but does no damage.
A bat is nearby!
You barely miss the bat. The bat barely misses you. x2
A bat is nearby!
You hit the bat. You headbutt the bat.
You kill the bat!
You block something's attack. Something hits you!
No target in view!
Something hits you.
No target in view!
Something hits you.
No target in view!
Something hits you.
No target in view!
You hear some strange, mumbled words.
A magic dart appears from out of thin air!
The magic dart hits you.
There is a strange disturbance nearby!
There is a strange disturbance nearby!
No target in view!
Something hits you but does no damage. Something hits you. Something hits you.
Something hits you but does no damage.
You swing at nothing.
Something hits you but does no damage.
You swing at nothing.
You hear some strange, mumbled words.
Something tries to affect you, but you resist.
Something hits you.
* * * LOW HITPOINT WARNING * * *
You swing at nothing.
You hear some strange, mumbled words.
Something tries to affect you, but you resist.
You swing at nothing.
Something hits you.
* * * LOW HITPOINT WARNING * * *
Something hits you!
You die...

#.....# #.......##.......
#.....#####............####
#..........................
#######################..##
#...........##
#####.########.... #.....#
#.... #.##### #.... #@#
#.... #.# #....
############.# #....
.............# #....
.......†.....# #....
.............# #....
.............# #....
.............# #####
............##


There were no monsters in sight!

Vanquished Creatures
  A dart slug (D:2)
  2 endoplasms
  A giant cockroach (D:1)
  5 goblins
  A hobgoblin (D:1)
  4 quokkas
  7 ball pythons
  4 bats
  3 kobolds (D:1)
  3 rats
31 creatures vanquished.

Notes
Turn   | Place    | Note
-------+----------+-------------------------------------------
     0 | D:1      | McKennaii the Demonspawn Fighter began the quest for the
                  | Orb.
     0 | D:1      | Reached XP level 1. HP: 18/18 MP: 1/1
    93 | D:1      | Gained mutation: You have a pair of small horns on your
                  | head. [demonic ancestry]
    93 | D:1      | Reached XP level 2. HP: 24/24 MP: 2/2
   701 | D:2      | Gained mutation: A meltable shield of frost defends you.
                  | (SH +4) [demonic ancestry]
   701 | D:2      | Reached XP level 3. HP: 23/29 MP: 3/3
   915 | D:2      | Noticed Sigmund
   935 | D:2      | Slain by Sigmund

Illustrated notes

Levels and vault maps discovered:
D:1:      dpeg_arrival_orchard, layout_basic
D:2:      layout_basic, minmay_tromino_v2, uniq_sigmund

Skill      XL: |  1  2 |
---------------+-------+-----
Polearms       | 2 |  2.2
Shields        | 3 |  3.0
Armour         | 3 |  3.0
Fighting       | |  3.3

Action                     || total
---------------------------++-------
  Melee: Trident           ||    64
         Headbutt          ||     5
 Armour: Scale mail        ||    29
  Dodge: Dodged            ||    26
  Block: Buckler           ||    12
